 Dungeon Crawl Stone Soup version 0.20.1-1-g8b1a95d (webtiles) character file.

468 MrDeepBlue the Changer (level 6, -3/50 HPs)
             Began as a Draconian Transmuter on Oct 6, 2017.
             Slain by Edmund
             ... wielding a +2 dire flail of protection
              (15 damage)
             ... on level 6 of the Dungeon.
             The game lasted 00:17:19 (4571 turns).

MrDeepBlue the Changer (Draconian Transmuter)       Turns: 4571, Time: 00:17:20

Health: -3/50      AC:  2    Str: 12    XL:     6   Next: 81%
Magic:  7/9        EV: 20    Int: 13    God:
Gold:   232        SH:  0    Dex: 19    Spells: 5/9 levels left

rFire    . . .     SeeInvis .     - Unarmed
rCold    . . .     Gourm    .   (shield currently unavailable)
rNeg     . . .     Faith    .   (armour unavailable)
rPois    x         Spirit   .   (helmet currently unavailable)
rElec    .         Reflect  .   (cloak currently unavailable)
rCorr    .         Harm     .   (gloves currently unavailable)
MR       .....                  (boots currently unavailable)
Stlth    ++........             (no amulet)
Regen    0.2/turn               (no ring)
MPRegen  0.2/turn               (no ring)

@: spider-form (expiring)
A: unfitting armour, AC +6
a: End Transformation


You were on level 6 of the Dungeon.
You were not hungry.
You were a venomous arachnid creature.
You visited 1 branch of the dungeon, and saw 6 of its levels.

You collected 232 gold pieces.

Inventory:

Missiles
 a - 29 arrows
Jewellery
 o - a cursed ring of teleportation {unknown}
Wands
 d - a wand of polymorph (13/24)
 y - a wand of iceblast (9/15)
Scrolls
 e - 5 scrolls of teleportation {unknown}
 f - 2 scrolls of recharging {unknown}
 h - a scroll of immolation {unknown}
 i - a scroll of remove curse {unknown}
 j - 2 scrolls of enchant armour {unknown}
 k - 7 scrolls of identify {unknown}
 n - a scroll of enchant weapon {unknown}
 r - a scroll of blinking {unknown}
 s - a scroll of fog {unknown}
 v - 2 scrolls of fear {unknown}
 w - a scroll of random uselessness {unknown}
Potions
 g - 2 potions of curing {unknown}
 m - a potion of lignification {unknown}
 p - a potion of heal wounds {unknown}
 t - a potion of mutation {unknown}
 u - a potion of invisibility {unknown}
Books
 b - a book of Changes

   Spells                             Type                      Level
   a - Beastly Appendage              Transmutation                1
   b - Sticks to Snakes               Transmutation                2
   c - Spider Form                    Transmutation/Poison         3
   d - Ice Form                       Ice/Transmutation            4
   e - Blade Hands                    Transmutation                5
Comestibles
 c - 3 bread rations
 l - 2 meat rations
 q - a fruit


   Skills:
 + Level 2.4 Fighting
 + Level 2.4 Dodging
 * Level 4.9 Unarmed Combat
 - Level 2.0 Spellcasting
 - Level 5.0 Transmutations
 - Level 2.0 Poison Magic


You had 5 spell levels left.
You knew the following spells:

 Your Spells              Type           Power        Failure   Level  Hunger
a - Beastly Appendage     Tmut           ##....       11%         1    ##.....
b - Spider Form           Tmut/Pois      ##........   38%         3    ####...


Dungeon Overview and Level Annotations

Branches:
Dungeon (6/15)
 Temple: D:4-7

Altars:

Annotations:
D:6 Edmund


Innate Abilities, Weirdness & Mutations

((Your plain brown scales are hard. (AC +6)))
You cannot fit into any form of body armour.
((You are cold-blooded and may be slowed by cold attacks.))


Message History

The orc priest mumbles some strange prayers to Beogh against you.
Beogh smites you!
The orc priest mumbles some strange prayers to Beogh against you.
Beogh smites you!
A worker ant comes into view.
Your transformation is almost over.
There is a stone staircase leading up here.
You hit Edmund but do no damage.
Edmund looks as sick as possible!
Edmund is moderately wounded.
Edmund hits you with a dire flail of protection!
* * * LOW HITPOINT WARNING * * *
You hit Edmund but do no damage.
Edmund is moderately wounded.
You bite Edmund!
Edmund looks as sick as possible!
Edmund is heavily wounded.
Edmund barely misses you.
You bite Edmund!
Edmund looks as sick as possible!
Edmund is almost dead.
Edmund hits you with a dire flail of protection!
You die...

#########
..#..@s#
#.#.####
#+####.#.#
.........#
....(..###
...$...
.......
$..o...
..a....


You could see Edmund.

Vanquished Creatures
  A scorpion (D:4)
  2 orc priests (D:4)
  2 hounds (D:4)
  A centaur skeleton (D:5)
  An orc wizard (D:4)
  A worker ant (D:3)
  A hound skeleton (D:4)
  A howler monkey zombie (D:5)
  2 howler monkey skeletons
  8 adders
  2 worms (D:4)
  7 dart slugs
  3 leopard geckos
  10 orcs
  5 giant cockroaches
  8 goblins
  9 hobgoblins
  3 jackals (D:4)
  6 kobolds
  4 bats
  6 frilled lizards
  7 rats
90 creatures vanquished.

Notes
Turn   | Place    | Note
-------+----------+-------------------------------------------
     0 | D:1      | MrDeepBlue the Draconian Transmuter began the quest for the Orb.
     0 | D:1      | Reached XP level 1. HP: 16/16 MP: 3/3
   198 | D:1      | Reached XP level 2. HP: 14/23 MP: 3/5
   256 | D:1      | Reached skill level 3 in Transmutations
   527 | D:1      | Reached XP level 3. HP: 23/28 MP: 4/6
   540 | D:1      | Learned a level 3 spell: Spider Form
  1241 | D:2      | Reached skill level 1 in Poison Magic
  1528 | D:2      | Reached skill level 4 in Transmutations
  1528 | D:2      | Reached XP level 4. HP: 33/35 MP: 3/7
  2462 | D:3      | Reached XP level 5. HP: 38/40 MP: 8/8
  3177 | D:4      | Reached skill level 5 in Transmutations
  3286 | D:4      | Reached XP level 6. HP: 35/47 MP: 5/9
  4146 | D:5      | Entered Level 5 of the Dungeon
  4343 | D:5      | Noticed an ice beast
  4559 | D:6      | Noticed Edmund
  4571 | D:6      | Slain by Edmund

Skill      XL: |  1  2  3  4  5  6 |
---------------+-------------------+-----
Transmutations | 3 4 5 |  5.0
Dodging        | 2 |  2.4
Poison Magic   | 1 2 |  2.0
Unarmed Combat | 4 |  4.9
Fighting       | 2 |  2.4
Spellcasting   | |  2.0

Action                   |  1- 3 |  4- 6 || total
-------------------------+-------+-------++-------
Melee: Unarmed           |   119 |   206 ||   325
       Tailslap          |    11 |    14 ||    25
       Headbutt          |     4 |     8 ||    12
       Kick              |     9 |    12 ||    21
       Punch             |     1 |     1 ||     2
 Cast: Beastly Appendage |    26 |    20 ||    46
       Spider Form       |     2 |    14 ||    16
 Stab: Sleeping          |     1 |     1 ||     2
  Eat: Chunk             |     3 |    12 ||    15
Armor: Skin              |    20 |    28 ||    48
Dodge: Dodged            |    57 |   146 ||   203
